 Dungeon Crawl Stone Soup version 0.27-a0-29-g2d0a2396b0 (webtiles) character file.

Game seed: 8771836124083055899

7 sahdkjhfkaj the Caller (level 2, 24/24 HPs)
             Began as an Ogre Summoner on Jan 3, 2021.
             Quit the game on level 2 of the Dungeon.
             The game lasted 00:02:53 (1575 turns).

sahdkjhfkaj the Caller (Ogre Summoner)              Turns: 1575, Time: 00:02:54

Health: 24/24      AC:  3    Str: 11    XL:     2   Next: 0%
Magic:  5/5        EV: 10    Int: 16    God:
Gold:   14         SH:  0    Dex:  9    Spells: 2/5 levels left

rFire    . . .     SeeInvis .   (no weapon)
rCold    . . .     Faith    .   (no shield)
rNeg     . . .     Spirit   .   a - +0 robe
rPois    .         Reflect  .   (helmet restricted)
rElec    .         Harm     .   (no cloak)
rCorr    .         Rampage  .   (gloves unavailable)
Will     .....                  (boots unavailable)
Stlth    ++........             (no amulet)
HPRegen  0.08/turn              (no ring)
MPRegen  0.09/turn              (no ring)

@: no status effects
A: large, unfitting armour, tough skin 1
a: no special abilities


You were on level 2 of the Dungeon.
You visited 1 branch of the dungeon, and saw 2 of its levels.

You collected 14 gold pieces.

Inventory:

Armour
 a - a +0 robe (worn)
Potions
 b - a potion of might {unknown}


   Skills:
 - Level 2.0 Dodging
 + Level 1.6 Stealth
 - Level 2.4 Spellcasting
 + Level 3.7 Summonings


You had 2 spell levels left.
You knew the following spells:

 Your Spells              Type           Power        Failure   Level
A - Summon Small Mammal   Summ           52%          4%          1
C - Call Imp              Summ           13%          6%          2

Your spell library contained the following spells:

 Spells                   Type           Power        Failure   Level
 Call Canine Familiar     Summ           13%          13%         3
 Summon Guardian Golem    Hex/Summ       7%           28%         3
 Summon Ice Beast         Ice/Summ       7%           67%         4
 Summon Lightning Spire   Summ/Air       7%           67%         4


Dungeon Overview and Level Annotations

Branches:
Dungeon (2/15)

Altars:


Innate Abilities, Weirdness & Mutations

You are too large for most types of armour.
You have tough skin. (AC +1)


Message History

Saving game... please wait.
Welcome back, sahdkjhfkaj the Ogre Summoner.
Press ? for a list of commands and other information.
Memorise Call Imp, consuming 2 spell levels and leaving 2?
You start memorising the spell.
You continue memorising. x2
You finish memorising.
Spell assigned to 'C'.
Adjust (i)tems, (s)pells, or (a)bilities?
Adjust which spell? a - Summon Small Mammal Adjust to which letter?
A - Summon Small Mammal Saving game... please wait.
Welcome back, sahdkjhfkaj the Ogre Summoner.
Press ? for a list of commands and other information.
Found 16 arrows.
Found a mace.
Saving game... please wait.
Welcome back, sahdkjhfkaj the Ogre Summoner.
Press ? for a list of commands and other information.
Are you sure you want to abandon this character and quit the game? (Confirm with "yes".)

...... ....
...... #..#
)##..#.##..#
.......(...#
........#..#
.#...#..#..#
...........####
...?...@......#
........#..####
.....#.##..####
.#...#.##.....#
#..........###
#..##.##.###
<........# #
..##.##..# #.#
#.##..#


There were no monsters in sight!

Vanquished Creatures
  A giant cockroach (D:1)
  A bat (D:1)
  2 kobolds (D:1)
4 creatures vanquished.

Vanquished Creatures (collateral kills)
  A leopard gecko (D:1)
  A bat (D:1)
  A frilled lizard (D:1)
  A rat (D:1)
4 creatures vanquished.

Grand Total: 8 creatures vanquished

Notes
Turn   | Place    | Note
-------+----------+-------------------------------------------
     0 | D:1      | sahdkjhfkaj the Ogre Summoner began the quest for the Orb.
     0 | D:1      | Reached XP level 1. HP: 16/16 MP: 3/3
  1414 | D:1      | Reached XP level 2. HP: 20/24 MP: 5/5
  1564 | D:2      | Learned a level 2 spell: Call Imp
  1575 | D:2      | Upgraded the game from 0.27-a0-13-g87abb2d9eb to
                  | 0.27-a0-29-g2d0a2396b0
  1575 | D:2      | Quit the game

Illustrated notes

Levels and vault maps discovered:
D:1:      lightli_arrival_maybe_door_vault, layout_rooms, serial_corexii_hall,
          corexii_hall_statues_l, chequers_hall_statues_y,
          corexii_hall_statues_u, corexii_hall_statues_l,
          chequers_hall_statues_y, chequers_hall_statues_corner_a,
          grunt_decor_resistance, corexii_leaking_fountain
D:2:      layout_basic, gammafunk_temple_overflow_elements

Skill      XL: |  1 |
---------------+----+-----
Dodging        | 2 |  2.0
Stealth        | |  1.6
Spellcasting   | |  2.4
Summonings     | |  3.7

Action                   || total
-------------------------++-------
Melee: Unarmed           ||    72
 Cast: Summon Small Mamm ||     8
  Use: Scroll            ||     1
Armor: Robe              ||    44
Dodge: Dodged            ||    64

Table legend: (Time is in decaauts)
 A = Elapsed time spent in this place.
 B = Non-inter-level travel time spent in this place.
 C = Inter-level travel time spent in this place.
 D = Time resting spent in this place.
 E = Time spent auto-exploring this place.
 F = Levels seen in this place.
 G = Mean time per level.
                   A        B        C        D        E       F      G
               +--------+--------+--------+--------+--------+-----+--------+
         Total |   1574 |   1544 |     30 |      0 |   1357 |   2 |  787.0 |
       Dungeon |   1574 |   1544 |     30 |      0 |   1357 |   2 |  787.0 |
               +--------+--------+--------+--------+--------+-----+--------+

Top non-repeatable levels by time:
     D:1: 1547 daAuts
     D:2: 27 daAuts
